 Dungeon Crawl Stone Soup version 0.20-a0-945-g3bf614a (webtiles) character file.

45 esteth the Sneak (level 3, -1/20 HPs)
             Began as a Vine Stalker Monk on Apr 1, 2017.
             Slain by a gnoll
             ... wielding a +2 spear of venom
              (3 damage)
             ... on level 2 of the Dungeon.
             The game lasted 00:04:03 (1521 turns).

esteth the Sneak (Vine Stalker Monk)                Turns: 1521, Time: 00:04:04

Health: -1/20      AC:  8    Str: 14    XL:     3   Next: 64%
Magic:  0/4        EV: 12    Int: 10    God:
Gold:   44         SH:  0    Dex: 16    Spells: 2/2 levels left

rFire    . . .     SeeInvis .     - Unarmed
rCold    . . .     Gourm    .   (no shield)
rNeg     . . .     Faith    .   j - +0 ring mail
rPois    .         Spirit   +   (no helmet)
rElec    .         Reflect  .   (no cloak)
rCorr    .         Harm     .   (no gloves)
MR       .....                  h - +2 pair of boots
Stlth    ++........             (no amulet)
Regen    0.1/turn               (no ring)
MPRegen  0.1/turn               (no ring)

@: lethally poisoned (-1 -> -19)
A: fangs 2, magic shield, antimagic bite, no potion heal 3, rot immunity
a: no special abilities


You were on level 2 of the Dungeon.
You were not hungry.

You visited 1 branch of the dungeon, and saw 2 of its levels.

You collected 44 gold pieces.

Inventory:

Missiles
 f - 2 javelins (quivered)
Armour
 a - a +0 robe
 h - a +2 pair of boots (worn)
 j - a +0 ring mail (worn)
Scrolls
 c - a scroll of blinking {unknown}
 e - 2 scrolls of identify {unknown}
 i - a scroll of fog {unknown}
Comestibles
 b - a bread ration
 d - 2 royal jellies
 g - a meat ration
 k - a chunk of flesh


   Skills:
 - Level 3.6 Fighting
 - Level 3.2 Dodging
 - Level 4.8 Stealth
 + Level 3.1 Unarmed Combat


You had 2 spell levels left.
You didn't know any spells.

Dungeon Overview and Level Annotations

Branches:
Dungeon (2/15)

Altars:


Innate Abilities, Weirdness & Mutations

You have extremely sharp teeth.
When hurt, damage is shared between your health and your magic reserves.
Your bite disrupts and absorbs the magic of your enemies.
Potions cannot restore your health.
You are immune to rotting.


Message History

The gnoll is lightly wounded.
* * * LOW HITPOINT WARNING * * *
You feel sick. The gnoll hits you but does no damage.
The gnoll closely misses you.
You hit the gnoll but do no damage. You bite the gnoll. You drain its power.
You feel invigorated.
The gnoll is moderately wounded.
The gnoll completely misses you. The gnoll hits you but does no damage.
You are more poisoned.
You barely miss the gnoll. You bite the gnoll, but do no damage.
The gnoll is moderately wounded.
* * * LOW HITPOINT WARNING * * *
You feel sick. The gnoll misses you. The gnoll closely misses you.
You aren't carrying any potions.
You hit the gnoll. Your bite misses the gnoll.
The gnoll is severely wounded.
* * * LOW HITPOINT WARNING * * *
You feel sick. The gnoll hits you but does no damage.
The gnoll hits you with a spear of venom!
You die...

.######.........########
######.#..........
#.#..........
#.#.......... #####
#.#.........? ...
.........g... #.#
###########.## #g#
#.......).#.## #@#
#.........#... #g#
#....%....####
##r###.............
#....r.............
#..###.........####
.....................
####..##..............
#..##.##.##########
.........#


You could see 2 gnolls and a rat.

Vanquished Creatures
  A gnoll (D:2)
  2 oozes
  A dart slug (D:1)
  4 bats
  2 goblins (D:1)
  A hobgoblin (D:1)
  4 jackals (D:1)
  6 kobolds (D:1)
  3 rats (D:1)
24 creatures vanquished.

Notes
Turn   | Place    | Note
-------+----------+-------------------------------------------
     0 | D:1      | esteth the Vine Stalker Monk began the quest for the Orb.
     0 | D:1      | Reached XP level 1. HP: 12/12 MP: 2/2
    11 | D:1      | Reached skill level 1 in Unarmed Combat
    72 | D:1      | Reached XP level 2. HP: 16/16 MP: 3/3
   903 | D:1      | Reached XP level 3. HP: 20/20 MP: 4/4
  1521 | D:2      | Slain by a gnoll

Vault maps used:
D:1:      tarquinn_simple_flora_water_e
D:2:      minmay_misc_feat_alley, minmay_liquid_box

Skill      XL: |  1  2  3 |
---------------+----------+-----
Unarmed Combat | 1 2 3 |  3.1
Fighting       | |  3.6
Dodging        | |  3.2
Stealth        | |  4.8

Action                   || total
-------------------------++-------
Melee: Unarmed           ||    80
       Bite              ||    31
       Punch             ||     2
  Use: Potion            ||     1
 Stab: Sleeping          ||     5
  Eat: Chunk             ||     2
Armor: Robe              ||    16
       Ring mail         ||     6
Dodge: Dodged            ||    51
